AoeStats
← VL LocoBarry

Nomad

508548190Analyzed
4v4 RM · 8d ago on Sep 23, 2026· 37m 50s· 8 players
Game mode
Random Map
Map size
231×231
Population
200
Speed
Normal
Resources
Standard
Victory
Conquest
Starting age
Dark Age
Ending age
Imperial Age
RankedLock teamsTeams togetherTeam positionsShared explorationLock speedFull tech treeHidden civsTurbo modeCheats
Victory
Defeat
🇦🇷 Dravidians · Argentina
1561
+19
🇨🇳 Danes · China
1527
+20
🇺🇸 Saxons · United States
1521
+20
🇦🇷 Persians · Argentina
1520
+20
🇨🇱 Danes · Chile
1721
-24
🇲🇽 Saxons · Mexico
1685
-22
🇲🇽 Varangians · Mexico
1580
-18
🇺🇸 Celts · United States
1487
-15
Hippieee
12:52 Feudal Age
16:58 Castle Age
14:48 Fishing Lines
16:03 Double-Bit Axe
18:02 Bow Saw
18:08 Medium Warships
19:13 Gillnets
21:49 Town Watch
22:40 Wheelbarrow
21:50 Loom
28:46 Hand Cart
32:55 Imperial Age
30:59 Horse Collar
31:29 Town Patrol
36:57 Elite Urumi Swordsman
38:13 Conscription
Jjota
7:05 Loom
21:41 Feudal Age
23:25 Fletching
39:09 Castle Age
37:18 Double-Bit Axe
bcda
4:50 Loom
13:38 Feudal Age
15:02 Double-Bit Axe
15:08 Gold Mining
15:13 Stone Mining
15:10 Fishing Lines
17:30 Castle Age
16:06 Fletching
15:57 Horse Collar
18:17 Bodkin Arrow
18:32 Bow Saw
22:35 Careening
23:59 Ballistics
24:57 Town Watch
25:50 Town Watch
26:40 Wheelbarrow
29:08 Imperial Age
29:52 Bracer
30:59 Chemistry
31:15 Gillnets
31:57 Dry Dock
36:30 Gillnets
37:20 Wheelbarrow
37:08 Horse Collar
38:08 Stone Mining
cookie tin
12:34 Feudal Age
13:18 Town Watch
13:21 Double-Bit Axe
13:02 Man-at-Arms
14:29 Arson
15:11 Loom
20:29 Castle Age
18:25 Stone Mining
19:03 Scale Mail Armor
20:41 Forging
20:27 Gold Mining
20:32 Long Swordsman
23:05 Squires
24:30 Scale Barding Armor
28:38 Wheelbarrow
32:14 Chain Mail Armor
32:17 Fletching
36:52 Imperial Age
34:43 Bodkin Arrow
34:35 Horse Collar
[VL] Rio_BlancoVER
10:21 Loom
12:59 Feudal Age
13:53 Fishing Lines
14:01 Double-Bit Axe
14:17 Gold Mining
19:25 Castle Age
20:47 Wheelbarrow
20:23 Bow Saw
20:31 Medium Warships
21:23 Fletching
21:24 Town Watch
23:44 Bodkin Arrow
27:04 Careening
30:12 Ballistics
VL JPGP
5:33 Loom
14:37 Feudal Age
16:12 Town Watch
17:13 Fishing Lines
20:01 Fletching
24:03 Castle Age
23:35 Gold Mining
24:39 Double-Bit Axe
25:06 Bodkin Arrow
28:07 Bow Saw
31:15 Horse Collar
33:32 Wheelbarrow
35:54 Heavy Plow
39:18 Imperial Age
37:13 Scale Mail Armor
37:52 Forging
37:46 Stone Mining
38:17 Squires
38:05 Arson
VL Marcelsanz
3:23 Loom
14:43 Feudal Age
18:15 Castle Age
16:05 Double-Bit Axe
17:27 Fishing Lines
18:00 Gold Mining
18:27 Fletching
21:42 Bodkin Arrow
22:46 Bow Saw
25:05 Careening
26:10 Ballistics
28:39 Town Watch
29:20 Horse Collar
30:15 Clinker Construction
35:32 Wheelbarrow
35:41 Heavy Plow
37:00 Scale Barding Armor
VL LocoBarry
10:22 Loom
12:51 Feudal Age
16:42 Castle Age
15:27 Fishing Lines
16:46 Double-Bit Axe
19:28 Scale Mail Armor
19:27 Man-at-Arms
19:53 Gambesons
25:07 Long Swordsman
31:11 Horse Collar
33:00 Bow Saw
33:31 Chain Mail Armor
34:05 Forging
35:54 Wheelbarrow
Connection lost

Rejoining the realm…

Still unreachable

The connection could not be restored.

Session expired

The server has moved on; the page needs a fresh start.